Map: Ulrena

Players

ELIMINATOR - Winner!

  • Race: Protoss Protoss
  • League: Silver

pupu

  • Race: Protoss Protoss
  • League: Gold

VOD

Have the link to the VOD?

Description

Time

  • Played on: April 19, 2016, 11:46 a.m.
  • Length: 15:45
Show
View Real Time Build Order
Export as new Build Order

ELIMINATOR Protoss - Winner!

Build Orders:  

Get SALT Encoding   

  12  0:09  Probe (Chrono Boost)  
  13  0:24  Pylon  
  13  0:44  Forge  
  13  0:49  Probe (Chrono Boost)  
  14  0:58  Assimilator  
  13  1:06  Assimilator  
  12  1:17  Pylon  
  12  1:23  Probe (Chrono Boost)  
  12  1:24  Gateway  
  13  1:34  Probe (Chrono Boost)  
  14  1:44  Probe (Chrono Boost)  
  15  1:49  Assimilator  
  15  1:54  Assimilator  
  15  1:55  Probe (Chrono Boost)  
  15  2:05  Probe (Chrono Boost)  
  16  2:15  Photon Cannon  
  16  2:16  Probe (Chrono Boost)  
  17  2:26  Probe (Chrono Boost)  
  18  2:34  Cybernetics Core  
  18  2:37  Probe (Chrono Boost)  
  19  2:48  Probe (Chrono Boost)  
  20  3:02  Probe (Chrono Boost)  
  21  3:13  Probe (Chrono Boost)  
  22  3:21  Stargate  
  22  3:23  Probe (Chrono Boost)  
  23  3:30  Pylon  
  24  3:34  Probe (Chrono Boost)  
  24  3:44  Probe (Chrono Boost)  
  25  3:57  Photon Cannon  
  25  4:01  Pylon  
  25  4:05  Oracle (Chrono Boost)  
  28  4:18  Probe  
  29  4:30  Probe  
  30  4:37  Void Ray (Chrono Boost)  
  34  4:40  Robotics Facility  
  34  4:46  Probe  
  35  4:59  Probe  
  33  5:21  Void Ray (Chrono Boost)  
  33  5:27  Warp Prism (Chrono Boost)  
  39  5:32  Probe  
  40  5:44  Probe  
  41  5:56  Probe  
  42  6:03  Void Ray  
  46  6:10  Stargate  
  46  6:20  Nexus  
  46  6:23  Pylon  
  46  6:31  Pylon  
  46  6:32  Probe  
  47  6:42  Observer (Chrono Boost)  
  47  6:46  Mothership Core  
  54  6:55  Void Ray (Chrono Boost)  
  58  7:24  Pylon  
  58  7:28  Pylon  
  58  7:35  Void Ray (Chrono Boost)  
  58  7:42  Photon Cannon  
  58  7:45  Void Ray (Chrono Boost)  
  62  8:01  Observer  
  67  8:14  Assimilator  
  67  8:15  Void Ray (Chrono Boost)  
  67  8:16  Probe, Assimilator  
  68  8:27  Probe  
  69  8:37  Probe  
  70  8:41  Protoss Air Weapons Level 1 (Chrono Boost)  
  70  8:48  Probe  
  71  8:58  Probe  
  72  9:15  Photon Cannon  
  72  9:18  Pylon  
  72  9:26  Void Ray x2  
  80  9:31  Stargate  
  80  9:33  Probe  
  81  9:43  Probe  
  82  9:48  Photon Cannon  
  82  9:56  Pylon  
  82  9:58  Photon Cannon  
  74  10:48  Void Ray x3  
  68  11:12  Protoss Shields Level 1 (Chrono Boost)  
  68  11:31  Void Ray x3  
  80  12:14  Void Ray x3  
  84  12:56  Void Ray  
  84  13:15  Void Ray x2  
  92  13:39  Void Ray  
  96  13:41  Photon Cannon  
  96  13:58  Void Ray  
  100  14:39  Pylon  
  100  14:41  Pylon  
  100  14:57  Void Ray x2  
  100  14:59  Void Ray  
Show
View Real Time Build Order
Export as new Build Order

pupu Protoss 

Build Orders:  

Get SALT Encoding   

  12  0:00  Probe (Chrono Boost)  
  13  0:11  Probe (Chrono Boost)  
  14  0:18  Pylon  
  14  0:22  Probe (Chrono Boost)  
  15  0:37  Probe (Chrono Boost)  
  15  0:38  Gateway  
  16  0:47  Probe (Chrono Boost)  
  17  1:05  Probe (Chrono Boost)  
  18  1:15  Probe (Chrono Boost)  
  19  1:25  Zealot  
  19  1:26  Probe (Chrono Boost)  
  22  1:33  Cybernetics Core  
  22  1:36  Probe (Chrono Boost)  
  22  1:38  Pylon  
  23  1:56  Probe (Chrono Boost)  
  24  2:07  Probe (Chrono Boost)  
  25  2:17  Probe (Chrono Boost)  
  25  2:20  Gateway  
  26  2:25  Gateway  
  26  2:28  Probe (Chrono Boost)  
  27  2:33  Assimilator  
  27  2:36  Zealot  
  29  2:42  Probe (Chrono Boost)  
  30  2:50  Assimilator  
  30  2:58  Probe (Chrono Boost)  
  31  3:07  Nexus  
  31  3:19  Pylon  
  31  3:22  Warp Gate (Chrono Boost)  
  31  3:28  Pylon  
  31  3:35  Pylon  
  31  3:37  Probe (Chrono Boost)  
  31  3:38  Stalker  
  34  3:45  Stalker  
  36  3:48  Probe  
  37  3:56  Gateway  
  37  4:00  Probe  
  38  4:10  Sentry  
  38  4:12  Stalker  
  38  4:13  Probe  
  43  4:22  Forge  
  43  4:23  Probe  
  43  4:25  Probe  
  43  4:29  Assimilator  
  45  4:33  Pylon  
  45  4:39  Stalker  
  45  4:45  Stalker  
  49  4:46  Probe  
  49  4:47  Probe  
  44  5:33  Probe  
  44  5:35  Probe  
  46  5:42  Photon Cannon  
  46  5:46  Photon Cannon  
  46  5:51  Probe  
  46  5:53  Probe  
  46  5:55  Photon Cannon  
  48  6:00  Photon Cannon  
  48  6:07  Stalker x2  
  48  6:10  Sentry  
  54  6:16  Probe  
  54  6:17  Probe  
  56  6:21  Protoss Ground Weapons Level 1 (Chrono Boost)  
  56  6:26  Probe  
  56  6:29  Probe  
  58  6:44  Stalker x3  
  54  7:12  Stalker x2  
  54  7:13  Stalker  
  54  7:14  Stalker  
  56  7:34  Probe  
  56  7:35  Probe  
  58  7:39  Twilight Council  
  58  7:43  Assimilator  
  58  7:45  Stalker  
  58  7:49  Stalker  
  58  7:50  Zealot x2  
  66  8:00  Probe  
  66  8:01  Probe  
  68  8:07  Gateway  
  68  8:15  Nexus, Pylon  
  68  8:17  Protoss Shields Level 1 (Chrono Boost)  
  68  8:27  Probe  
  68  8:28  Probe  
  68  8:29  Dark Shrine  
  70  8:38  Probe  
  70  8:41  Probe  
  72  8:43  Stalker x3  
  72  8:45  Stalker  
  72  8:48  Probe  
  75  9:15  Stalker  
  75  9:16  Stalker x3  
  83  9:26  Probe x2  
  83  9:27  Probe  
  86  9:34  Gateway  
  86  9:35  Gateway  
  86  9:36  Gateway  
  86  9:38  Probe x2  
  86  9:39  Probe, Pylon  
  86  9:43  Pylon  
  86  9:45  Dark Templar  
  91  9:46  Pylon  
  91  9:48  Probe, Dark Templar  
  91  9:50  Pylon  
  91  9:52  Archon  
  94  9:53  Pylon  
  94  9:55  Probe  
  94  9:56  Probe  
  94  9:59  Probe  
  96  10:05  Probe  
  97  10:14  Dark Templar x3  
  100  10:18  Archon  
  103  10:34  Dark Templar x2  
  99  10:39  Archon  
  85  10:54  Stalker x2  
  79  11:12  Probe x2  
  81  11:33  Zealot, Assimilator  
  81  11:34  Zealot x4  
  81  11:35  Zealot x3, Assimilator  
  97  11:53  Probe x2  
  97  11:55  Pylon  
  99  12:06  Stalker x5  
  99  12:07  Stalker x3  
  91  12:31  Dark Templar  
  68  12:56  Dark Templar  
  67  13:02  Stalker  
  63  13:22  Gateway  
  63  13:26  Dark Templar  
  53  13:41  Nexus  
  48  13:59  Pylon  
  48  14:00  Pylon  
  48  14:02  Pylon  
  33  15:01  Cybernetics Core  
  33  15:03  Probe  
  34  15:14  Probe  
  34  15:15  Assimilator  
  35  15:38  Stalker  
Tags
 
Matchup
PvP
Add a new tag
Caveats
  • Supply blocks, unpowered buildings, or Contaminate may cause inaccurate times.
  • Supply counts are checked every 10 seconds.